 Dungeon Crawl Stone Soup version 0.18-a0-425-ge088ad1 (webtiles) character file.

44 xeno23 the Gusty (level 3, -1/26 HPs)
             Began as a Demigod Air Elementalist on Nov 30, 2015.
             Slain by a hobgoblin (3 damage)
             ... led by Robin
             ... on level 2 of the Dungeon.
             The game lasted 00:03:18 (844 turns).

xeno23 the Gusty (Demigod Air Elementalist)          Turns: 844, Time: 00:03:18

Health: -1/26      AC:  2    Str: 13    XL:     3   Next: 22%
Magic:  1/9        EV: 12    Int: 19    God:
Gold:   22         SH:  0    Dex: 16    Spells: 1 memorised, 6 levels left

rFire  x . .     SeeInvis .     j - +1 short sword (elec)
rCold  + . .     Clarity  .     a - +0 robe
rNeg   . . .     SustAt   +     (no shield)
rPois  .         Gourm    .     (no helmet)
rElec  .         Spirit   .     (no cloak)
rCorr  .         Dsmss    .     (no gloves)
rMut   .         Stasis   .     (no boots)
MR     .....                    n - amulet of rage
Stlth  ++........               (no ring)
                                m - ring of ice

@: not resistant to hostile enchantments, unstealthy
A: high mp 1, sustain attributes
a: Evoke Berserk Rage


You were on level 2 of the Dungeon.
You were not hungry.

You visited 1 branch of the dungeon, and saw 2 of its levels.

You collected 22 gold pieces.

Inventory:

Hand Weapons
 j - a +1 short sword of electrocution (weapon)
Armour
 a - a +0 robe (worn)
Jewellery
 m - a ring of ice (left hand)
 n - an amulet of rage (around neck)
Scrolls
 d - a scroll of immolation {unknown}
 g - a scroll of amnesia {unknown}
 h - a scroll of fog {unknown}
 l - a scroll of fear {unknown}
 o - a scroll of remove curse {unknown}
Potions
 e - a potion of ambrosia {unknown}
 i - a potion of heal wounds {unknown}
Books
 b - a book of Air

   Spells                             Type                      Level
   a - Shock                          Conjuration/Air              1
   b - Swiftness                      Charms/Air                   2
   c - Repel Missiles                 Charms/Air                   2
   d - Static Discharge               Conjuration/Air              3
   e - Lightning Bolt                 Conjuration/Air              5
Comestibles
 c - 2 bread rations
 f - 2 beef jerkies


   Skills:
 - Level 1.7 Dodging
 - Level 1.7 Stealth
 + Level 2.5 Spellcasting
 + Level 2.0 Conjurations
 + Level 2.9 Air Magic


You had 6 spell levels left.
You knew the following spells:

 Your Spells              Type           Power        Failure   Level  Hunger
a - Shock                 Conj/Air       ##..         8%          1    #......


Dungeon Overview and Level Annotations

Branches:
Dungeon (2/15)

Annotations:
D:2 Natasha


Innate Abilities, Weirdness & Mutations

You have an increased reservoir of magic (+10% MP).
Your attributes are resistant to harm.


Message History

Robin is severely wounded.
Robin says, "Bow before me, strongest of all the hobgoblins!"
Robin roars a battlecry!
The hobgoblin goes into a battle-frenzy!
Robin hits you but does no damage. Robin hits you with a spear of flaming.
Robin burns you.
Your magical contamination has completely faded away.
You take 2 damage.
You completely miss Robin.
Robin is severely wounded.
Robin hits you with a spear of flaming.
* * * LOW HITPOINT WARNING * * *
Robin burns you.
* * * LOW HITPOINT WARNING * * *
You take 6 damage.
You hit Robin.
There is a sudden explosion of sparks!
You kill Robin!
Your Conjurations skill increases to level 2!
The hobgoblin hits you.
You die...

#.# #.#......##....# #..
#.###.#......##....♣ ♣..
######>....+......'.....♣
♣..
#......###.#......#.....♣
♣♣♣ #......#
#.###P.P.#......♣
#......###.#.P...P#.......♣
#........#...PP♣P##.....♣♣..
#.....##...P.P♣P.##.....♣ .P
#.....##..♣♣♣♣)@###....♣P.
###+####..♣♣P..g# #....♣.P
#..♣♣.P..###h #.♣P........#
#....######.# #..)......# .♣
###†#####.# . #.# ♣♣P )†#
♣P.


You could see a hobgoblin (frenzied).

Vanquished Creatures
  Robin (D:2)
  A bat (D:2)
  2 giant cockroaches
  7 hobgoblins
  3 jackals
  3 kobolds (D:1)
  A ball python (D:1)
  A giant newt (D:1)
  11 goblins (D:2)
  A rat (D:1)
31 creatures vanquished.

Notes
Turn   | Place    | Note
--------------------------------------------------------------
     0 | D:1      | xeno23 the Demigod Air Elementalist began the quest for the Orb.
     0 | D:1      | Reached XP level 1. HP: 14/14 MP: 5/5
    12 | D:1      | Reached skill level 1 in Conjurations
   263 | D:1      | Reached XP level 2. HP: 17/20 MP: 0/7
   824 | D:2      | Noticed Robin
   831 | D:2      | Noticed Natasha
   836 | D:2      | Reached XP level 3. HP: 9/26 MP: 0/9
   844 | D:2      | Killed Robin
   844 | D:2      | Slain by a hobgoblin

Vault maps used:
D:1:      dpeg_arrival_rooms_b
D:2:      serial_forest, infiniplex_forest_clump_diagonal,
          infiniplex_forest_diagonal, infiniplex_forest_clump_double,
          infiniplex_forest_end_1, infiniplex_forest_end_2,
          infiniplex_forest_join, infiniplex_forest_pool,
          infiniplex_forest_clump_diagonal, uniq_iyjb, uniq_robin, uniq_natasha

Action                   || total
-------------------------++-------
Melee: Unarmed           ||     8
       Short sword       ||    26
 Cast: Shock             ||    49
